AoeStats
← 阿多卡獵陶

Black Forest

509865999Analyzed
4v4 RM · 4d ago on Sep 28, 2026· 22m 30s· 8 players
Game mode
Random Map
Map size
Large (8 player)
Population
200
Speed
Normal
Resources
Standard
Victory
Conquest
Starting age
Dark Age
Ending age
Imperial Age
RankedLock teamsTeams togetherTeam positionsShared explorationLock speedFull tech treeHidden civsTurbo modeCheats
Victory
Defeat
🇨🇳 Italians · China
1132
+13
🇨🇳 Malians · China
1084
+14
🇨🇳 Spanish · China
1082
+15
🇨🇳 Lithuanians · China
1025
+17
🇹🇼 Danes · Taiwan
1062
-15
🇯🇴 Vikings · Jordan
1062
-15
🇹🇼 Khmer · Taiwan
1050
-15
1027
-14
阿多卡獵陶
10:51 Feudal Age
10:01 Loom
11:53 Double-Bit Axe
14:38 Castle Age
12:55 Horse Collar
16:19 Bow Saw
16:23 Heavy Plow
16:22 Town Watch
22:36 Scale Barding Armor
22:50 Bloodlines
Prof. Dr. Abuzer KÖMÜRCÜ
0:26 Loom
12:04 Feudal Age
18:26 Castle Age
16:53 Double-Bit Axe
19:24 Crossbowman
寶島岡山之鬼
0:30 Loom
12:31 Feudal Age
17:23 Castle Age
16:34 Double-Bit Axe
19:49 Horse Collar
22:12 Fletching
22:19 Stone Mining
JorDaN
0:27 Loom
11:50 Feudal Age
12:36 Double-Bit Axe
12:32 Horse Collar
19:02 Castle Age
17:23 Gold Mining
17:39 Stone Mining
20:01 Bow Saw
23:12 Gold Shaft Mining
XGFC
9:58 Feudal Age
13:37 Castle Age
13:55 Double-Bit Axe
13:52 Horse Collar
19:54 Scale Mail Armor
23:01 Heavy Plow
lancer
1:08 Loom
10:33 Feudal Age
16:33 Castle Age
15:11 Stone Mining
15:09 Double-Bit Axe
15:07 Horse Collar
15:20 Gold Mining
15:36 Fletching
16:32 Wheelbarrow
21:54 Bow Saw
nanbo1
0:47 Loom
13:58 Feudal Age
17:31 Castle Age
16:03 Double-Bit Axe
16:17 Horse Collar
等我上帝王
10:51 Feudal Age
16:58 Castle Age
15:16 Double-Bit Axe
15:15 Horse Collar
18:21 Fervor
19:14 Wheelbarrow
20:34 Gold Mining
Connection lost

Rejoining the realm…

Still unreachable

The connection could not be restored.

Session expired

The server has moved on; the page needs a fresh start.